PA
MYRTLE BEACH SEAHAWKS @ EUGENE VANDALS
08/20/2042
 
TOP OF THE 1ST
Myrtle Beach Seahawks batting - Pitching for Eugene Vandals : RHP Juan Salas
Pitching: RHP Juan Salas
Batting: LHB Don Clark 0-0: Ball
1-0: Called Strike
1-1: Ball
2-1: Foul Ball, location: 2F
2-2: Foul Ball, location: 2F
2-2: Ball
3-2: DOUBLE (Flyball, 8RXD, EV 96.2 MPH)
Batting: RHB Wendel Koudstaal 0-0: Called Strike
0-1: Swinging Strike
0-2: Foul Ball, location: 2F
0-2: Fly out, F9 (Flyball, 9S, EV 92.5 MPH)
Batting: RHB Darren Gordam 0-0: Called Strike
0-1: DOUBLE (Groundball, 5L, EV 109.4 MPH)
Don Clark scores
Batting: LHB John Allen 0-0: Ball
1-0: Fly out, F9 (Flyball, 9S, EV 85.6 MPH)
Batting: RHB Cristo Lucas 0-0: Called Strike
0-1: Ball
1-1: Swinging Strike
1-2: Ball
2-2: Foul Ball, location: 2F
2-2: Ball
3-2: Base on Balls
Batting: LHB Anton Zdravomyslov 0-0: Ball
1-0: Foul Ball, location: 2F
1-1: Ball
2-1: Called Strike
2-2: Ball
Wild Pitch!
Darren Gordam to third
Cristo Lucas to second
3-2: Ground out U3 (Groundball, 34, EV 101.2 MPH)
Top of the 1st over - 1 run, 2 hits, 0 errors, 2 left on base; Myrtle Beach 1 - Eugene 0
BOTTOM OF THE 1ST
Eugene Vandals batting - Pitching for Myrtle Beach Seahawks : RHP Alan Haas
Pitching: RHP Alan Haas
Batting: RHB Jorge Quintana 0-0: Called Strike
0-1: Ball
1-1: Swinging Strike
1-2: Strikes out looking
Batting: RHB Edgar Rodríguez 0-0: Ball
1-0: Ball
2-0: SINGLE (Line Drive, 7S, EV 89.4 MPH)
Batting: RHB Ángel Júlio 0-0: Swinging Strike
0-1: Ball
1-1: Called Strike
1-2: Foul Ball, location: 2F
1-2: Foul Ball, location: 2F
1-2: Ball
2-2: Strikes out looking
Batting: RHB Adrián Serrano 0-0: Called Strike
0-1: Ball
1-1: Swinging Strike
1-2: Strikes out looking
Bottom of the 1st over - 0 runs, 1 hit, 0 errors, 1 left on base; Myrtle Beach 1 - Eugene 0
TOP OF THE 2ND
Myrtle Beach Seahawks batting - Pitching for Eugene Vandals : RHP Juan Salas
Batting: RHB Bartolo Ayala 0-0: Foul Ball, location: 2F
0-1: Fly out, F8 (Flyball, 8RS, EV 85.6 MPH)
Batting: RHB Aleixos Arde 0-0: Foul Ball, location: 2F
0-1: Foul Ball, location: 2F
0-2: Strikes out swinging
Batting: RHB Andrew Sprinkle 0-0: Foul Ball, location: 2F
0-1: Ball
1-1: Ball
2-1: Fly out, F8 (Flyball, 89D, EV 102.5 MPH)
Top of the 2nd over - 0 runs, 0 hits, 0 errors, 0 left on base; Myrtle Beach 1 - Eugene 0
BOTTOM OF THE 2ND
Eugene Vandals batting - Pitching for Myrtle Beach Seahawks : RHP Alan Haas
Batting: RHB Ken Francis 0-0: Called Strike
0-1: Ball
1-1: Swinging Strike
1-2: DOUBLE (Line Drive, 78M, EV 95.0 MPH)
Batting: RHB Luis Ibáñez 0-0: Ball
1-0: Swinging Strike
1-1: SINGLE (Groundball, 6MD, EV 107.5 MPH)
Ken Francis to third
Batting: RHB Johnny Schultz 0-0: Ball
1-0: Ball
2-0: Fly out, F8 (Flyball, 8RD, EV 90.6 MPH)
Runner from 3rd tags up, SCORES, throw by CF
Batting: RHB Mike Brock 0-0: Ball
1-0: Foul Ball, location: 2F
1-1: Ball
2-1: Ball
3-1: Foul Ball, location: 2F
3-2: Base on Balls
Luis Ibáñez to second
Batting: RHB Will Ross 0-0: Ball
1-0: SINGLE (Flyball, 8LS, EV 90.0 MPH)
Luis Ibáñez to third
Mike Brock to second
Batting: RHB Jorge Quintana 0-0: Ball
1-0: Ball
2-0: SINGLE (Line Drive, 4D, EV 97.5 MPH)
Luis Ibáñez scores
Mike Brock to third
Will Ross to second
Batting: RHB Edgar Rodríguez 0-0: Called Strike
0-1: Grounds into double play, 5-4-3 (Groundball, 56, EV 80.0 MPH)
Bottom of the 2nd over - 2 runs, 4 hits, 0 errors, 2 left on base; Myrtle Beach 1 - Eugene 2
TOP OF THE 3RD
Myrtle Beach Seahawks batting - Pitching for Eugene Vandals : RHP Juan Salas
Batting: LHB Don Clark 0-0: Foul Ball, location: 2F
0-1: Ball
1-1: Called Strike
1-2: Strikes out swinging
Batting: RHB Wendel Koudstaal 0-0: Called Strike
0-1: DOUBLE (Line Drive, 9LS, EV 108.8 MPH)
Batting: RHB Darren Gordam 0-0: Fly out, F8 (Flyball, 78M, EV 95.6 MPH)
Batting: LHB John Allen 0-0: Ball
1-0: Called Strike
1-1: Foul Ball, location: 2F
1-2: Hit by Pitch
Batting: RHB Cristo Lucas 0-0: Fly out, F9 (Flyball, 9D, EV 90.6 MPH)
Top of the 3rd over - 0 runs, 1 hit, 0 errors, 2 left on base; Myrtle Beach 1 - Eugene 2
BOTTOM OF THE 3RD
Eugene Vandals batting - Pitching for Myrtle Beach Seahawks : RHP Alan Haas
Batting: RHB Ángel Júlio 0-0: Foul Ball, location: 2F
0-1: Fly out, F9 (Flyball, 9D, EV 85.6 MPH)
Batting: RHB Adrián Serrano 0-0: Ball
1-0: Foul Ball, location: 2F
1-1: SINGLE (Groundball, 6MD, EV 105.0 MPH)
Batting: RHB Ken Francis 0-0: Foul Ball, location: 2F
0-1: Ball
1-1: Fly out, F6 (Popup, P, EV 76.9 MPH)
Batting: RHB Luis Ibáñez 0-0: Ball
1-0: Foul Ball, location: 2F
1-1: Ball
2-1: Reached on error, E5 (Groundball, 5D, EV 80.6 MPH)
Adrián Serrano to second
Batting: RHB Johnny Schultz 0-0: Ball
1-0: DOUBLE (Line Drive, 78D, EV 100.0 MPH)
Adrián Serrano scores
Luis Ibáñez to third
Batting: RHB Mike Brock 0-0: Foul Ball, location: 2F
0-1: Called Strike
0-2: SINGLE (Groundball, 56D, EV 98.1 MPH)
Luis Ibáñez scores
Johnny Schultz to third
Runner from 3rd tries for Home, SAFE, throw by LF to home
Mike Brock to second
Batting: RHB Will Ross 0-0: Ball
1-0: Called Strike
1-1: Foul Ball, location: 2F
1-2: Ground out 4-3 (Groundball, 4, EV 106.9 MPH)
Bottom of the 3rd over - 3 runs, 3 hits, 1 error, 1 left on base; Myrtle Beach 1 - Eugene 5
TOP OF THE 4TH
Myrtle Beach Seahawks batting - Pitching for Eugene Vandals : RHP Juan Salas
Batting: LHB Anton Zdravomyslov 0-0: SINGLE (Flyball, 7LS, EV 97.5 MPH)
Batting: RHB Bartolo Ayala 0-0: Ball
1-0: DOUBLE (Groundball, 5L, EV 108.1 MPH)
Anton Zdravomyslov to third
Runner from 3rd tries for Home, SAFE, throw by LF to home
Batting: RHB Aleixos Arde 0-0: Called Strike
0-1: Foul Ball, location: 2F
0-2: Ball
1-2: Ground out 4-3 (Groundball, 4, EV 79.4 MPH)
Bartolo Ayala to third
Batting: RHB Andrew Sprinkle 0-0: SINGLE (Groundball, 56D, EV 109.4 MPH)
Bartolo Ayala scores
Batting: LHB Don Clark 0-0: Ball
1-0: Ball
2-0: Foul Ball, location: 2F
2-1: Fielders Choice at 2nd, 4-6 (Groundball, 4, EV 103.8 MPH)
Batting: RHB Wendel Koudstaal 0-0: Called Strike
0-1: Ball
1-1: Ball
2-1: Foul Ball, location: 2F
2-2: Fly out, F8 (Line Drive, 8LM, EV 105.0 MPH)
Top of the 4th over - 2 runs, 3 hits, 0 errors, 1 left on base; Myrtle Beach 3 - Eugene 5
BOTTOM OF THE 4TH
Eugene Vandals batting - Pitching for Myrtle Beach Seahawks : RHP Alan Haas
Batting: RHB Jorge Quintana 0-0: Ball
1-0: Ground out 6-3 (Groundball, 6, EV 98.8 MPH)
Batting: RHB Edgar Rodríguez 0-0: Called Strike
0-1: Foul Ball, location: 2F
0-2: Ground out 6-3 (Groundball, 6, EV 80.6 MPH)
Batting: RHB Ángel Júlio 0-0: Ball
1-0: Ball
2-0: Ground out 6-3 (Groundball, 6, EV 83.1 MPH)
Bottom of the 4th over - 0 runs, 0 hits, 0 errors, 0 left on base; Myrtle Beach 3 - Eugene 5
TOP OF THE 5TH
Myrtle Beach Seahawks batting - Pitching for Eugene Vandals : RHP Juan Salas
Batting: RHB Darren Gordam 0-0: Ball
1-0: Swinging Strike
1-1: Fly out, F7 (Flyball, 7LSF, EV 97.5 MPH)
Batting: LHB John Allen 0-0: Ball
1-0: Ball
2-0: Ball
3-0: Base on Balls
Batting: RHB Cristo Lucas 0-0: Called Strike
0-1: Foul Ball, location: 2F
0-2: Ball
1-2: Foul Ball, location: 2F
1-2: Ball
2-2: Fly out, F8 (Flyball, 8LXD, EV 107.5 MPH)
Batting: LHB Anton Zdravomyslov 0-0: Ball
1-0: DOUBLE (Line Drive, 9LS, EV 103.8 MPH)
John Allen to third
Runner from 3rd tries for Home, SAFE, no throw by RF
Batting: RHB Bartolo Ayala 0-0: Called Strike
0-1: Foul Ball, location: 2F
0-2: Ball
1-2: Ball
2-2: Foul Ball, location: 2F
2-2: Foul Ball, location: 2F
2-2: Reached on error, E5 (Groundball, 56S, EV 88.8 MPH)
Anton Zdravomyslov to third
Batting: RHB Aleixos Arde 0-0: Fly out, F4 (Popup, 34D, EV 66.9 MPH)
Top of the 5th over - 1 run, 1 hit, 1 error, 2 left on base; Myrtle Beach 4 - Eugene 5
BOTTOM OF THE 5TH
Eugene Vandals batting - Pitching for Myrtle Beach Seahawks : RHP Alan Haas
Batting: RHB Adrián Serrano 0-0: Swinging Strike
0-1: Ball
1-1: Swinging Strike
1-2: Foul Ball, location: 2F
1-2: Ground out 1-3 (Groundball, 34S, EV 83.8 MPH)
Batting: RHB Ken Francis 0-0: Ball
1-0: Foul Ball, location: 2F
1-1: Foul Ball, location: 2F
1-2: Ball
2-2: Strikes out swinging
Batting: RHB Luis Ibáñez 0-0: Called Strike
0-1: Ball
1-1: Foul Ball, location: 2F
1-2: Foul Ball, location: 2F
1-2: Strikes out swinging
Bottom of the 5th over - 0 runs, 0 hits, 0 errors, 0 left on base; Myrtle Beach 4 - Eugene 5
TOP OF THE 6TH
Myrtle Beach Seahawks batting - Pitching for Eugene Vandals : RHP Juan Salas
Batting: RHB Andrew Sprinkle 0-0: Called Strike
0-1: Ball
1-1: Ground out 4-3 (Groundball, 4S, EV 83.8 MPH)
Batting: LHB Don Clark 0-0: Called Strike
0-1: Ball
1-1: Ball
2-1: Ground out 5-3 (Groundball, 5, EV 85.6 MPH)
Batting: RHB Wendel Koudstaal 0-0: Ball
1-0: Foul Ball, location: 2F
1-1: Ball
2-1: Ball
3-1: Base on Balls
Pitching: LHP Jake Sewell
Batting: RHB Darren Gordam 0-0: Hit by Pitch
Wendel Koudstaal to second
Batting: LHB John Allen 0-0: Called Strike
0-1: Ball
1-1: Swinging Strike
1-2: Strikes out swinging
Top of the 6th over - 0 runs, 0 hits, 0 errors, 2 left on base; Myrtle Beach 4 - Eugene 5
BOTTOM OF THE 6TH
Eugene Vandals batting - Pitching for Myrtle Beach Seahawks : RHP Alan Haas
Pitching: RHP Roberto Córdova
Batting: RHB Johnny Schultz 0-0: Swinging Strike
0-1: Ball
1-1: Ball
2-1: Ground out 6-3 (Groundball, 56, EV 85.6 MPH)
Batting: RHB Mike Brock 0-0: Foul Ball, location: 2F
0-1: Ball
1-1: Ball
2-1: Foul Ball, location: 2F
2-2: Foul Ball, location: 2F
2-2: Strikes out looking
Batting: RHB Will Ross 0-0: Called Strike
0-1: Called Strike
0-2: Strikes out swinging
Bottom of the 6th over - 0 runs, 0 hits, 0 errors, 0 left on base; Myrtle Beach 4 - Eugene 5
TOP OF THE 7TH
Myrtle Beach Seahawks batting - Pitching for Eugene Vandals : LHP Jake Sewell
Batting: RHB Cristo Lucas 0-0: Ground out 6-3 (Groundball, 6, EV 81.9 MPH)
Batting: LHB Anton Zdravomyslov 0-0: Ground out U3 (Groundball, 34, EV 78.1 MPH)
Batting: RHB Bartolo Ayala 0-0: Foul Ball, location: 2F
0-1: SINGLE (Flyball, 78S, EV 92.5 MPH)
Batting: RHB Aleixos Arde 0-0: Called Strike
0-1: Foul Ball, location: 2F
0-2: Ball
1-2: Strikes out swinging
Top of the 7th over - 0 runs, 1 hit, 0 errors, 1 left on base; Myrtle Beach 4 - Eugene 5
BOTTOM OF THE 7TH
Eugene Vandals batting - Pitching for Myrtle Beach Seahawks : RHP Roberto Córdova
Batting: RHB Jorge Quintana 0-0: Ball
1-0: Ball
2-0: Ball
3-0: Base on Balls
Batting: RHB Edgar Rodríguez 0-0: Bunted foul
0-1: Bunted foul
0-2: Ball
1-2: Strikes out swinging
Batting: RHB Ángel Júlio 0-0: Ball
1-0: Ball
2-0: Called Strike
2-1: Swinging Strike
2-2: Fielders Choice at 2nd, 6-4 (Groundball, 6, EV 85.6 MPH)
Batting: RHB Adrián Serrano 0-0: Ball
1-0: SINGLE (Groundball, 56D, EV 101.2 MPH)
Ángel Júlio to second
Batting: RHB Ken Francis 0-0: Swinging Strike
0-1: Ball
1-1: Called Strike
1-2: Strikes out swinging
Bottom of the 7th over - 0 runs, 1 hit, 0 errors, 2 left on base; Myrtle Beach 4 - Eugene 5
TOP OF THE 8TH
Myrtle Beach Seahawks batting - Pitching for Eugene Vandals : LHP Jake Sewell
Batting: RHB Andrew Sprinkle 0-0: Called Strike
0-1: Foul Ball, location: 2F
0-2: Strikes out swinging
Batting: LHB Don Clark 0-0: Called Strike
0-1: Ball
1-1: Ball
2-1: Swinging Strike
2-2: Strikes out swinging
Batting: RHB Wendel Koudstaal 0-0: Called Strike
0-1: Ball
1-1: Ground out U3 (Groundball, 3S, EV 86.9 MPH)
Top of the 8th over - 0 runs, 0 hits, 0 errors, 0 left on base; Myrtle Beach 4 - Eugene 5
BOTTOM OF THE 8TH
Eugene Vandals batting - Pitching for Myrtle Beach Seahawks : RHP Roberto Córdova
Batting: RHB Luis Ibáñez 0-0: Ball
1-0: Foul Ball, location: 2F
1-1: Foul Ball, location: 2F
1-2: Ball
2-2: Strikes out swinging
Batting: RHB Johnny Schultz 0-0: Ball
1-0: Ball
2-0: Ball
3-0: Called Strike
3-1: Foul Ball, location: 2F
3-2: Base on Balls
Pitching: LHP Adrián Gómez
Batting: RHB Mike Brock 0-0: Ball
1-0: Called Strike
1-1: Foul Ball, location: 2F
1-2: Ball
2-2: Ball
3-2: Ground out U3 (Groundball, 34S, EV 83.8 MPH)
Johnny Schultz to second
Batting: RHB Will Ross 0-0: Ball
1-0: Ball
2-0: Ball
3-0: Called Strike
3-1: Base on Balls
Pinch Runner at 2nd Masaaki Hakui:
Batting: RHB Jorge Quintana 0-0: Ball
1-0: Swinging Strike
1-1: Called Strike
1-2: Foul Ball, location: 2F
1-2: Strikes out swinging
Bottom of the 8th over - 0 runs, 0 hits, 0 errors, 2 left on base; Myrtle Beach 4 - Eugene 5
TOP OF THE 9TH
Myrtle Beach Seahawks batting - Pitching for Eugene Vandals : LHP Jake Sewell
Pitching: LHP Richello Dosono
Now in RF: Gustavo Palácios
Batting: RHB Darren Gordam 0-0: Called Strike
0-1: Swinging Strike
0-2: Strikes out looking
Batting: LHB John Allen 0-0: Ball
1-0: Swinging Strike
1-1: Called Strike
1-2: Foul Ball, location: 2F
1-2: Ball
2-2: Ball
3-2: Base on Balls
Batting: RHB Cristo Lucas 0-0: Foul Ball, location: 2F
0-1: Foul Ball, location: 2F
0-2: Ball
1-2: Ball
2-2: Fly out, F3 (Popup, 3SF, EV 75.6 MPH)
Batting: LHB Anton Zdravomyslov 0-0: Foul Ball, location: 2F
0-1: Foul Ball, location: 2F
0-2: Ball
1-2: Ball
2-2: Ball
3-2: Fly out, F8 (Flyball, 78M, EV 93.8 MPH)
Top of the 9th over - 0 runs, 0 hits, 0 errors, 1 left on base; Myrtle Beach 4 - Eugene 5
Friday, March 26th, 2021 - OOTP Baseball 20.8 Build 74